[Event "XVII Profigaia Open 2017"]
[Site "Gaia"]
[Date "2017.06.16"]
[Round "4"]
[White "Mesquita, Goncalo Sincero Cos"]
[Black "Oliveira, Maria Alice Ramos M"]
[Result "0-1"]
[ECO "A16"]
[WhiteElo "1173"]
[BlackElo "1561"]
[Annotator "NA RC"]
[PlyCount "96"]
[EventDate "2017.??.??"]
[EventType "swiss"]
[EventCountry "POR"]
[SourceTitle "playchess.com"]
[Source "ChessBase"]
[SourceQuality "1"]
[TimeControl "5400+30"]

1. c4 Nf6 2. Nc3 g6 3. g3 Bg7 4. Bg2 d6 5. Nf3 O-O 6. O-O c6 7. d3 a6 8. Qb3 Nbd7 9. Be3 Ng4 10. Bd4 e5 11. Be3 Nxe3 12. fxe3 Bh6 13. Nd1 Nf6 14. d4 Qe7 15. dxe5 dxe5 16. Kh1 Bg4 17. Ng1 Rad8 18. Bf3 Bc8 19. Nf2 Qc5 20. e4 Bg7 21. Nd3 Qe7 22. Qb4 Qxb4 23. Nxb4 Rd4 24. Rac1 a5 25. e3 Rd2 26. Rc2 Rfd8 27. Rxd2 Rxd2 28. Nxc6 bxc6 29. Rb1 Be6 30. Be2 Nxe4 31. Bf3 Nf2+ 32. Kg2 Ng4+ 33. Kf1 Nxh2+ 34. Ke1 Nxf3+ 35. Nxf3 Rd3 36. Ke2 Bxc4 37. b3 Rxb3+ 38. Kd2 Rxb1 39. Ne1 Bxa2 40. Nd3 e4 41. Nc1 Rb2+ 42. Kd1 Bb3+ 43. Nxb3 Rxb3 44. Kc2 a4 45. g4 Rb2+ 46. Kc1 a3 47. Kd1 a2 48. Kc1 a1=Q# 0-1

[Event "XVII Profigaia Open 2017"]
[Site "Gaia"]
[Date "2017.06.16"]
[Round "4"]
[White "Amorim, Vicente Nuno Marque"]
[Black "Clemente, António Manuel"]
[Result "0-1"]
[ECO "C77"]
[WhiteElo "1084"]
[BlackElo "1393"]
[Annotator "NA RC"]
[PlyCount "80"]
[EventDate "2017.??.??"]
[EventType "swiss"]
[EventCountry "POR"]
[SourceTitle "playchess.com"]
[Source "ChessBase"]
[SourceQuality "1"]
[TimeControl "5400+30"]

1. e4 e5 2. Nf3 Nc6 3. Bb5 a6 4. Ba4 Nf6 5. Nc3 b5 6. Bb3 Be7 7. Ng5 O-O 8. Qf3 Nd4 9. Qg3 d6 10. Qh4 c6 11. O-O Nxb3 12. axb3 h6 13. Nf3 Nd5 14. Qg3 Nf4 15. d3 Nh5 16. Nxe5 Nxg3 17. Nxc6 Qc7 18. Nxe7+ Qxe7 19. fxg3 Bb7 20. Rf4 Qe6 21. Be3 g5 22. Rf2 f5 23. Re2 f4 24. gxf4 gxf4 25. Bd2 Qg6 26. Nd5 Bxd5 27. exd5 f3 28. Rf2 Qh5 29. Raf1 fxg2 30. Rxg2+ Kh7 31. Bc3 Rxf1+ 32. Kxf1 Rg8 33. Rxg8 Kxg8 34. Bb4 Qxd5 35. Bd2 Qf3+ 36. Ke1 h5 37. Bb4 d5 38. c4 dxc4 39. dxc4 bxc4 40. bxc4 Qe4+ 0-1

[Event "XVII Profigaia Open 2017"]
[Site "Gaia"]
[Date "2017.06.16"]
[Round "4"]
[White "Paiva, Rodrigo Garcia"]
[Black "Rocha, Nuno Miguel"]
[Result "1/2-1/2"]
[ECO "D56"]
[WhiteElo "1075"]
[BlackElo "1287"]
[Annotator "NA RC"]
[PlyCount "127"]
[EventDate "2017.??.??"]
[EventType "swiss"]
[EventCountry "POR"]
[SourceTitle "playchess.com"]
[Source "ChessBase"]
[SourceQuality "1"]
[TimeControl "5400+30"]

1. d4 d5 2. c4 e6 3. Nc3 Nf6 4. Bg5 Be7 5. Nf3 h6 6. Bh4 O-O 7. e3 c6 8. cxd5 exd5 9. Bd3 Nfd7 10. Bxe7 Qxe7 11. O-O Nf6 12. Qc2 Bg4 13. Ne5 Be6 14. e4 Nbd7 15. Nxd7 Qxd7 16. e5 Ne8 17. b4 Nc7 18. f4 f5 19. a4 a6 20. Qb2 b5 21. a5 Qe7 22. g3 g6 23. Ne2 Rf7 24. Rac1 Bd7 25. Qc2 Qe8 26. Qd2 Ne6 27. h4 Rg7 28. Kh2 Qf7 29. Rg1 Rf8 30. Rg2 Qe7 31. Rcg1 g5 32. Kh3 g4+ 33. Kh2 h5 34. Rb1 Rgf7 35. Nc1 Kg7 36. Nb3 Kg6 37. Nc5 Nxc5 38. dxc5 Be6 39. Re2 Rd8 40. Rd1 Qc7 41. Qb2 Rfd7 42. Red2 Re8 43. Be2 Qd8 44. Kg2 Qe7 45. Kf2 Red8 46. Qd4 Qf7 47. Kg2 Qg7 48. Kh2 Re7 49. Kg1 Rde8 50. Kf2 Bg8 51. Kf1 Be6 52. Kg2 Bc8 53. Bd3 Re6 54. Kf2 Bb7 55. Qc3 Rd8 56. Qc2 Qf7 57. Kg1 Bc8 58. Kg2 Re7 59. Be2 Red7 60. Rd4 Qe6 61. R1d3 Rf7 62. Qd2 Bb7 63. Kg1 Rfd7 64. Kf2 1/2-1/2

[Event "XVII Profigaia Open 2017"]
[Site "Gaia"]
[Date "2017.06.17"]
[Round "5"]
[White "Duarte Mermow, Marcelo"]
[Black "Freitas, Ruben Manuel"]
[Result "1/2-1/2"]
[ECO "D53"]
[WhiteElo "2344"]
[BlackElo "1636"]
[Annotator "NA RC"]
[PlyCount "104"]
[EventDate "2017.??.??"]
[EventType "swiss"]
[EventCountry "POR"]
[SourceTitle "playchess.com"]
[Source "ChessBase"]
[SourceQuality "1"]
[TimeControl "5400+30"]

1. d4 Nf6 2. c4 e6 3. Nc3 d5 4. Bg5 Be7 5. e3 O-O 6. Bd3 h6 7. Bh4 b6 {[%emt 0:01:03] D53: Queen's Gambit Declined: 4 Bg5 Be7: Early deviations} (7... Nbd7 8. Nf3 c5 9. O-O cxd4 10. exd4 dxc4 11. Bxc4 Nb6 12. Bb3 Bd7 13. Ne5 Bc6 14. Nxc6 bxc6 15. Rc1 Rc8 16. Na4 Nxa4 17. Bxa4 Nd5 18. Bxe7 Nxe7 19. b3 Nf5 20. Rxc6 Rxc6 21. Bxc6 Qxd4 {½-½ (30) Adly,A (2597)-Sargissian,G (2666) Dubai 2017}) 8. cxd5 Nxd5 9. Bxe7 Nxe7 10. Nge2 $146 ({Predecessor:} 10. Be4 Nbc6 11. Qf3 Bb7 12. Qe2 Qc8 13. Nf3 f5 14. Bb1 Nb4 15. a3 {0-1 (26) Lopes Pereira,E (1837)-Silva,C (1742) Fortaleza 2014}) 10... Bb7 11. Be4 Bxe4 12. Nxe4 Nd5 13. O-O Nd7 14. Rc1 N7f6 15. Nxf6+ Nxf6 16. Qa4 Re8 17. Rc6 a5 18. Rfc1 Nd5 19. Qc4 (19. e4 $5 Nf6 20. Qc2 $16 (20. Rxc7 Nxe4 21. Qb5 Nf6 $11)) 19... Rc8 20. a3 Re7 21. e4 Nf6 22. f3 Ne8 23. e5 Rb8 24. Nc3 Rd7 25. Nb5 g6 26. Kf2 Kf8 (26... Qh4+ $1 $11 27. Kg1 Rbd8) 27. g3 Rd5 28. a4 h5 29. h4 Rd7 30. f4 (30. Qc3 $16) 30... Rd5 31. Kf3 Rd7 32. Ke4 Rb7 33. Rc2 Rd5 34. Rc3 Rd7 35. Rc1 Rd5 36. Rh1 {[%emt 0:01:19] [#]} (36. Kd3 $14 {keeps the upper hand.}) 36... f5+ $2 (36... Ng7 $1 $17) 37. Ke3 Kf7 $2 (37... Qd7 38. Rd1 Kg7) 38. Nc3 Ng7 39. Nxd5 exd5 40. Qa6 Rb8 41. Rf6+ Kg8 42. Rxg6 Qe8 43. Qa7 Rc8 44. Qb7 Qxg6 45. Qxc8+ Kh7 46. Kf3 Qc6 47. Re1 Qc4 $18 48. Qd7 Qd3+ 49. Kg2 Qd2+ 50. Kf1 Qd3+ 51. Re2 Qf3+ 52. Rf2 Qh1+ 1/2-1/2

[Event "XVII Profigaia Open 2017"]
[Site "Gaia"]
[Date "2017.06.17"]
[Round "5"]
[White "Santos, Ricardo"]
[Black "Catarro, Jose Joao Dias"]
[Result "1/2-1/2"]
[ECO "B01"]
[WhiteElo "2088"]
[BlackElo "1833"]
[Annotator "NA RC"]
[PlyCount "74"]
[EventDate "2017.??.??"]
[EventType "swiss"]
[EventCountry "POR"]
[SourceTitle "playchess.com"]
[Source "ChessBase"]
[SourceQuality "1"]
[TimeControl "5400+30"]

1. e4 d5 2. exd5 Qxd5 3. Nc3 Qd6 4. d4 Nf6 5. Nf3 a6 6. g3 Bg4 7. Bg2 {[%emt 0:00:14] B01: Scandinavian Defence} Nc6 (7... c6 8. O-O e6 9. h3 Bxf3 10. Bxf3 Be7 11. b3 O-O 12. Bb2 Nbd7 13. Ne2 Rad8 14. Re1 Rfe8 {0-1 (64) Hou,Y (2663)-Megaranto,S (2535) Almaty 2016}) 8. d5 Ne5 9. Bf4 Nxf3+ 10. Bxf3 Bxf3 11. Qxf3 e5 12. dxe6 Qxe6+ 13. Kf1 O-O-O 14. Kg2 Bb4 $146 ({Predecessor:} 14... Bd6 15. Rhe1 Qf5 {½-½ (15) Torgersen,T (2133)-Tolhuizen,L (2255) Gausdal 2007}) 15. Rhe1 Qg4 16. Qxg4+ Nxg4 17. Re4 (17. h3 $5 Nf6 18. Be5 $11) 17... Bxc3 $1 18. bxc3 Nf6 19. Re7 Rd7 20. Rae1 Rhd8 (20... Nd5 $15 {keeps the upper hand.} 21. Rxd7 Nxf4+ 22. Kf3 Kxd7 23. Kxf4 Re8 24. Rxe8 Kxe8) 21. Kf3 Nd5 22. Rxd7 Rxd7 23. Re8+ Rd8 24. Rxd8+ Kxd8 25. Be5 f6 26. Bd4 b6 27. Ke4 Ne7 28. c4 Kd7 29. h4 Ke6 30. Be3 c5 31. Bf4 b5 32. Be3 Kd6 33. cxb5 axb5 34. Bf4+ Kc6 35. h5 Kd7 36. g4 Ke6 37. Be3 {[%emt 0:00:47] Ke5+} Kd6 $11 1/2-1/2

[Event "XVII Profigaia Open 2017"]
[Site "Gaia"]
[Date "2017.06.17"]
[Round "5"]
[White "Margarido, Jose Miguel Teixeir"]
[Black "Andrade, Ricardo Sarmento"]
[Result "1/2-1/2"]
[ECO "E11"]
[WhiteElo "2038"]
[BlackElo "1754"]
[Annotator "NA RC"]
[PlyCount "73"]
[EventDate "2017.??.??"]
[EventType "swiss"]
[EventCountry "POR"]
[SourceTitle "playchess.com"]
[Source "ChessBase"]
[SourceQuality "1"]
[TimeControl "5400+30"]

1. d4 Nf6 2. Nf3 e6 3. c4 Bb4+ 4. Nbd2 d5 5. Qa4+ Nc6 6. e3 Bd7 7. Qc2 {[%emt 0:01:05] LiveBook: 16 Games E11: Bogo-Indian} Ne4 8. a3 Nxd2 9. Bxd2 Bxd2+ 10. Nxd2 O-O 11. Bd3 h6 12. O-O a5 $146 ({Predecessor:} 12... Ne7 13. Rac1 dxc4 14. Bxc4 Rc8 15. Ba2 Bc6 16. Rfd1 b6 17. Nc4 Bd5 {1-0 (47) Mchedlishvili,M (2635)-Malakhatko,V (2531) Al Ain 2015}) 13. b3 dxc4 14. bxc4 a4 15. Rab1 Na5 16. Be4 Ra7 17. Qc3 Qe7 18. Rfc1 c5 19. Rb6 cxd4 20. exd4 Rc8 (20... Rd8 $11 {keeps the balance.}) 21. Qd3 Be8 22. h3 Rc7 23. Rcb1 Ra8 24. d5 exd5 25. cxd5 Qe5 26. Nf3 Qc3 27. Rd1 Qxd3 28. Rxd3 Rd8 29. d6 Rc1+ 30. Kh2 Bc6 31. Rb4 Rc4 32. Bxc6 Rxb4 $17 33. axb4 Nxc6 34. b5 Nb4 35. Rd4 Nc2 36. Rc4 Na3 37. Rxa4 1/2-1/2

[Event "XVII Profigaia Open 2017"]
[Site "Gaia"]
[Date "2017.06.17"]
[Round "5"]
[White "Pinto, Pedro Jorge de Mora"]
[Black "Soares, Sara Joana De Moura"]
[Result "1/2-1/2"]
[ECO "C54"]
[WhiteElo "2038"]
[BlackElo "1183"]
[Annotator "NA RC"]
[PlyCount "46"]
[EventDate "2017.??.??"]
[EventType "swiss"]
[EventCountry "POR"]
[SourceTitle "playchess.com"]
[Source "ChessBase"]
[SourceQuality "1"]
[TimeControl "5400+30"]

1. e4 e5 2. Nf3 Nc6 3. Bc4 Bc5 4. c3 Nf6 5. d3 h6 6. a4 {[%emt 0:00:17] C54: Giuoco Piano: 4 c3 Nf6, main lines with 5 d4 and 5 d3} (6. O-O d6 7. a4 a6 8. Re1 O-O 9. Na3 Bxa3 10. Rxa3 Be6 11. Ba2 Re8 12. h3 Qd7 13. Nh4 Bxa2 14. Rxa2 Ne7 15. Qf3 Nh7 {0-1 (49) Tsydypov,Z (2451)-Alekseev,E (2636) St Petersburg 2016}) 6... a5 7. Bd2 $146 ({Predecessor:} 7. h3 O-O 8. Qb3 d6 9. g4 Nh7 10. Be3 Qf6 11. Nbd2 Nd8 12. Ke2 Ne6 13. Rag1 Nf4+ 14. Bxf4 Qxf4 {0-1 (33) Nikolic,M (2185)-Jeremic,D (2224) Belgrade 2016}) 7... d6 8. b4 axb4 9. cxb4 Bd4 10. Nxd4 Nxd4 11. Be3 Ne6 12. Nc3 O-O 13. b5 (13. O-O $11) 13... Bd7 14. O-O Re8 15. h3 c6 16. bxc6 Bxc6 17. Qb3 Nd7 18. Bd5 Bxd5 19. Nxd5 Ndc5 20. Qb5 Qa5 21. Qb6 Qxb6 22. Nxb6 Ra6 23. Rab1 $11 Rd8 1/2-1/2

[Event "XVII Profigaia Open 2017"]
[Site "Gaia"]
[Date "2017.06.17"]
[Round "5"]
[White "Andrade Sandoval, Jim Carlos"]
[Black "Fernandes, Claudio Micael Sous"]
[Result "1-0"]
[ECO "D08"]
[WhiteElo "1971"]
[BlackElo "1661"]
[Annotator "NA RC"]
[PlyCount "81"]
[EventDate "2017.??.??"]
[EventType "swiss"]
[EventCountry "POR"]
[SourceTitle "playchess.com"]
[Source "ChessBase"]
[SourceQuality "1"]
[TimeControl "5400+30"]

1. d4 d5 2. c4 e5 3. dxe5 d4 4. Nf3 Nc6 5. a3 f6 6. exf6 {[%emt 0:09:45] D08: Albin Counter Gambit} Qxf6 7. Bg5 Qg6 8. Nbd2 h6 9. Bf4 (9. Bh4 Nf6 10. b4 Bg4 11. b5 Bxf3 12. exf3 O-O-O 13. Bxf6 Nb4 14. Ne4 gxf6 15. Qa4 f5 16. axb4 fxe4 17. c5 {½-½ (17) Ebner,H (2235)-Schieder,A (2174) Austria 2015}) 9... Qf7 10. e3 $146 ({Predecessor:} 10. Bg3 Be6 11. Qa4 O-O-O 12. O-O-O g5 13. Ne5 Nxe5 14. Bxe5 {1-0 (33) Brouwer,R (2035)-Loveid,E (1490) Helsingor 2014}) 10... Bg4 (10... Nge7 $16) 11. Be2 O-O-O {[%emt 0:00:46] [#]} 12. Nxd4 $1 Bxe2 13. Nxe2 g5 14. Bg3 h5 15. h3 h4 16. Bh2 Bg7 17. Qc2 g4 (17... Nh6 $16 18. Ne4 g4) 18. Bf4 Nf6 19. O-O-O Nh5 20. hxg4 Nxf4 21. Nxf4 ({Less strong is} 21. exf4 Rhe8 $16) 21... Nd4 22. Qg6 ({Not} 22. exd4 Qxf4 23. Kb1 Rxd4 $18) 22... Qf8 23. exd4 Qxf4 24. Qxg7 Rhg8 25. Qe5 Qxg4 26. Qe4 Qg5 27. Qxh4 Qa5 28. Rhe1 Kb8 29. g3 b5 30. Re5 a6 31. cxb5 axb5 32. Qh5 c6 33. Qf3 Rxd4 34. Nb3 Rxd1+ 35. Qxd1 Qc7 36. Qe1 Qf7 37. Nc5 Rd8 $11 38. Na6+ (38. Re6 Qh5 39. Rxc6 Qd5 40. Na6+ Kb7) 38... Ka8 39. Nc5 Qh7 40. Qa5+ Kb8 41. Qxd8+ 1-0

[Event "XVII Profigaia Open 2017"]
[Site "Gaia"]
[Date "2017.06.17"]
[Round "5"]
[White "De Souza Monteiro, Marcos Paulo"]
[Black "Marques, Ricardo Taborda Tri"]
[Result "1-0"]
[ECO "C13"]
[WhiteElo "1961"]
[BlackElo "1714"]
[Annotator "NA RC"]
[PlyCount "53"]
[EventDate "2017.??.??"]
[EventType "swiss"]
[EventCountry "POR"]
[SourceTitle "playchess.com"]
[Source "ChessBase"]
[SourceQuality "1"]
[TimeControl "5400+30"]

1. e4 e6 2. d4 d5 3. Nc3 Nf6 4. Bg5 Be7 5. e5 Nfd7 6. h4 h6 7. Bxe7 Qxe7 8. Qg4 O-O {[%emt 0:03:29] C14: French: Classical System: 4 Bg5 Be7 main line} 9. Rh3 (9. f4 c5 10. Nf3 Nc6 11. O-O-O a6 12. Rh3 cxd4 13. Nxd4 Nxd4 14. Rxd4 f6 15. exf6 Qxf6 16. Qd1 {1-0 (62) Amonatov,F (2592)-Levin,E (2508) St Petersburg 2015}) 9... Kh7 $146 ({Predecessor:} 9... c5 10. Rg3 f5 11. Qf4 cxd4 12. Nb5 Nc6 13. Nf3 Kh7 14. O-O-O Nc5 15. Nfxd4 Bd7 16. Nd6 {0-1 (47) Grguric,D (2141)-Fucak,E (2318) Umag 2005}) 10. Rg3 Rg8 11. Bd3+ g6 $2 (11... Kh8 $14) 12. h5 f5 (12... Nf8 $142 13. hxg6+ fxg6) 13. hxg6+ Kg7 14. Qh5 c5 15. Nb5 ({Not} 15. Rh3 Qg5 $18) 15... cxd4 16. Rh3 (16. f4 $142) 16... Rh8 17. Nd6 $2 (17. f4 $18) 17... Qg5 $2 (17... Nxe5 $16 {is more resistant.} 18. Nxc8 Qb4+ 19. Kf1 Nbd7) 18. Qxg5 hxg5 19. Rxh8 Kxh8 20. Nxc8 $18 Nxe5 21. Nd6 Nbc6 22. Nh3 Nb4 23. Nf7+ Nxf7 24. gxf7 Kg7 25. Nxg5 Rh8 26. Ke2 Kf6 27. f8=Q+ 1-0

[Event "XVII Profigaia Open 2017"]
[Site "Gaia"]
[Date "2017.06.17"]
[Round "5"]
[White "De Sousa Da Silva, Armando"]
[Black "Sismeiro, Miguel"]
[Result "1/2-1/2"]
[ECO "D02"]
[WhiteElo "1926"]
[BlackElo "1528"]
[Annotator "NA RC"]
[PlyCount "69"]
[EventDate "2017.??.??"]
[EventType "swiss"]
[EventCountry "POR"]
[SourceTitle "playchess.com"]
[Source "ChessBase"]
[SourceQuality "1"]
[TimeControl "5400+30"]

1. d4 d5 2. Bf4 Nf6 3. Nf3 e6 4. e3 Bd6 5. Ne5 O-O 6. Bd3 c5 7. c3 c4 {[%emt 0:01:35] D02: 1 d4 d5 2 Nf3 sidelines, including 2...Nf6 3 g3 and 2...Nf6 3 Bf4} (7... Nc6 8. Bg3 Qc7 9. f4 b6 10. Nd2 Bb7 11. O-O Ne7 12. Bh4 Ne4 13. Bxe7 Qxe7 14. Nxe4 dxe4 15. Be2 Rac8 16. Qa4 a6 17. Qb3 Bc7 18. a4 Rb8 19. f5 Bxe5 20. dxe5 {1-0 (66) Kayumov,S (2505)-Salgado Lopez,I (2622) Dubai 2014}) 8. Bc2 Qb6 9. b3 $146 ({Predecessor:} 9. Qc1 Nh5 10. Bg3 Nd7 11. Nxd7 Bxd7 12. Bxd6 Qxd6 13. Nd2 b5 14. a3 a5 15. O-O {½-½ (24) Siebenborn,B (1890)-Hencke,H (1644) Leck 2014}) 9... cxb3 10. axb3 Nbd7 11. Qd3 Qc7 12. Nxd7 Bxd7 13. Bg5 (13. Bxd6 $11 {remains equal.} Qxd6 14. Nd2) 13... Ne4 {[%emt 0:00:17] [#]} 14. f3 (14. Bf4 $1 $17 {[%mdl 512] was called for.}) 14... Nxg5 15. h4 {[%emt 0:00:01] [#]} Nxf3+ $1 16. gxf3 f5 17. f4 a6 18. Nd2 b5 19. c4 bxc4 20. bxc4 dxc4 21. Qxc4 Rfc8 22. Qxc7 Rxc7 23. Bd3 Bb4 24. Ke2 Bxd2 (24... a5 $17 25. Rhc1 Rxc1 26. Rxc1 Rc8) 25. Kxd2 a5 26. Rhc1 Rxc1 27. Kxc1 g6 28. Kb2 Kg7 29. Rc1 Ra7 30. Ka3 Kf6 31. Be2 h6 32. Bf3 Ke7 33. Rc5 Kd6 34. Kb2 Ra6 35. Ka3 $15 1/2-1/2

[Event "XVII Profigaia Open 2017"]
[Site "Gaia"]
[Date "2017.06.17"]
[Round "5"]
[White "Silva, Mariana Sofia T"]
[Black "Camelo, Joao"]
[Result "1-0"]
[ECO "B35"]
[WhiteElo "1922"]
[BlackElo "1300"]
[Annotator "NA RC"]
[PlyCount "72"]
[EventDate "2017.??.??"]
[EventType "swiss"]
[EventCountry "POR"]
[SourceTitle "playchess.com"]
[Source "ChessBase"]
[SourceQuality "1"]
[TimeControl "5400+30"]

1. e4 c5 2. Nf3 Nc6 3. d4 cxd4 4. Nxd4 g6 5. Nc3 Bg7 6. Be3 Nf6 7. Bc4 Qa5 8. O-O O-O 9. Bb3 d6 10. h3 Bd7 11. Re1 Rac8 12. Qd2 {[%emt 0:04:08] B35: Sicilian: Accelerated Dragon with 5 Nc3: main line} (12. Nf3 Rfd8 13. Nd5 Nxe4 14. Ng5 Nxg5 15. Bxg5 e6 16. Nf6+ Kh8 17. Ne4 Be8 18. Bxd8 Rxd8 19. Rb1 d5 {½-½ (46) Yu,Y (2734)-Ivanchuk,V (2728) Danzhou 2016}) 12... Ne5 13. Nd5 Qd8 14. Bg5 e6 $146 ({Predecessor:} 14... Nxd5 15. exd5 Re8 16. c3 f6 17. Bf4 Qa5 18. Qe2 Qa6 19. Rad1 Qxe2 20. Rxe2 {1-0 (55) Jelecevic,I (2198)-Elez,S (2137) Banja Vrucica 2013}) 15. Nxf6+ Bxf6 16. Bh6 Bg7 17. Bxg7 Kxg7 18. Qb4 (18. Rad1 $14) 18... Qc7 19. Rad1 (19. a4 $11) 19... Rfd8 (19... a5 $15 20. Qa3 a4 21. Bxa4 Ra8) 20. f4 Nc6 21. Nxc6 Bxc6 22. Qd4+ Kg8 23. Qxa7 Qe7 24. Qf2 Ra8 25. f5 Rf8 26. f6 Qd8 27. e5 h6 28. Rxd6 $18 Qc7 29. Qe3 Kh7 30. c3 Rfd8 31. Red1 Rd7 32. Rxd7 Bxd7 33. h4 Ba4 34. h5 g5 35. Qe4+ Kh8 36. Bxa4 Rxa4 1-0

[Event "XVII Profigaia Open 2017"]
[Site "Gaia"]
[Date "2017.06.17"]
[Round "5"]
[White "Antao, Jorge"]
[Black "Marinho, Antonio Pedro"]
[Result "1-0"]
[ECO "A46"]
[WhiteElo "1873"]
[BlackElo "1574"]
[Annotator "NA RC"]
[PlyCount "51"]
[EventDate "2017.??.??"]
[EventType "swiss"]
[EventCountry "POR"]
[SourceTitle "playchess.com"]
[Source "ChessBase"]
[SourceQuality "1"]
[TimeControl "5400+30"]

1. d4 Nf6 2. Nf3 e6 3. Nbd2 d5 4. e3 c5 5. c3 Nbd7 6. Bd3 Be7 7. Qe2 {D05: Colle System with ...e6} (7. O-O Qc7 8. Qe2 O-O 9. Re1 b6 10. h3 Bb7 11. Bc2 Rad8 12. e4 dxe4 13. Nxe4 Nxe4 14. Bxe4 Bxe4 {½-½ (14) Drazic,S (2540)-Pavasovic,D (2574) Nova Gorica 2010}) 7... c4 8. Bc2 b5 9. e4 a5 $146 ({Predecessor:} 9... dxe4 10. Nxe4 Qc7 11. Nxf6+ Nxf6 12. a4 b4 13. Ne5 Bb7 {0-1 (39) Mueller,T (2147)-Walther,H (2030) Baiersbronn 1998}) 10. O-O b4 11. Re1 O-O 12. e5 Nh5 13. Nf1 g6 14. Bh6 Ng7 15. Ne3 a4 16. Qd2 (16. cxb4 $16 Bxb4 17. Rec1) 16... b3 17. axb3 cxb3 18. Bxb3 a3 19. bxa3 Rxa3 20. Rxa3 Bxa3 21. Ng4 Be7 22. h4 ({Resist} 22. Bxg7 $6 Kxg7 23. Qh6+ Kh8 $18) 22... Bxh4 23. Bxg7 Bxf2+ 24. Kxf2 $18 Kxg7 25. Qh6+ Kh8 26. Rh1 1-0

[Event "XVII Profigaia Open 2017"]
[Site "Gaia"]
[Date "2017.06.17"]
[Round "5"]
[White "Jesus, Joao Pedro Mendes D"]
[Black "Moreira, Rafael Mota"]
[Result "1-0"]
[ECO "C62"]
[WhiteElo "1868"]
[BlackElo "1478"]
[Annotator "NA RC"]
[PlyCount "53"]
[EventDate "2017.??.??"]
[EventType "swiss"]
[EventCountry "POR"]
[SourceTitle "playchess.com"]
[Source "ChessBase"]
[SourceQuality "1"]
[TimeControl "5400+30"]

1. e4 e5 2. Nf3 Nc6 3. Bb5 d6 4. d4 exd4 5. Nxd4 Bd7 6. Nc3 g6 7. h4 {[%emt 0:13:58] LiveBook: 4 Games C62: Ruy Lopez: Steinitz Defence} Bg7 8. Be3 (8. Bg5 Nf6 9. Bxc6 bxc6 10. Qd2 h6 11. Bf4 Ng4 12. f3 Ne5 13. b3 c5 14. Nde2 a5 {½-½ (48) Shirov,A (2709)-Ehlvest,J (2613) Jurmala 2013}) 8... Nf6 9. Qd2 $146 ({Predecessor:} 9. Be2 Qe7 10. h5 Nxd4 11. Bxd4 O-O 12. Qd3 Rae8 13. O-O-O Nxe4 14. Bxg7 Kxg7 {1-0 (41) Kolarov,A-Filchev,R Sofia 1957}) 9... Ng4 10. Bg5 Bf6 11. Nxc6 bxc6 12. Be2 Bxg5 13. hxg5 f6 14. Bxg4 (14. f3 $142 Ne5 15. f4) 14... Bxg4 15. Qf4 Be6 16. gxf6 Kf7 17. e5 dxe5 18. Qxe5 Re8 $2 (18... Qd6 $16 {is more resistant.} 19. Qe2 Bf5 20. Qc4+ Qe6+ 21. Qxe6+ Bxe6) 19. Rxh7+ Kg8 $18 (19... Kf8) 20. Rg7+ Kf8 21. Qc5+ Qd6 22. Qxd6+ cxd6 23. O-O-O Bf7 24. Rh1 Bg8 25. Rh8 Re1+ 26. Kd2 Re7 27. Rhxg8# 1-0

[Event "XVII Profigaia Open 2017"]
[Site "Gaia"]
[Date "2017.06.17"]
[Round "5"]
[White "Santos, Elton Jorge Francis"]
[Black "Amorim, Vicente Nuno Marque"]
[Result "0-1"]
[ECO "C46"]
[WhiteElo "1843"]
[BlackElo "1084"]
[Annotator "NA RC"]
[PlyCount "68"]
[EventDate "2017.??.??"]
[EventType "swiss"]
[EventCountry "POR"]
[SourceTitle "playchess.com"]
[Source "ChessBase"]
[SourceQuality "1"]
[TimeControl "5400+30"]

1. e4 e5 2. Nf3 Nc6 3. Nc3 d6 4. Bb5 Bd7 5. d4 Nf6 6. dxe5 {[%emt 0:02:26] C62: Ruy Lopez: Steinitz Defence} dxe5 (6... Nxe5 7. Bxd7+ Qxd7 8. O-O Be7 9. Nxe5 dxe5 10. Qxd7+ Nxd7 11. Nb5 Kd8 12. Rd1 a6 13. Nc3 c6 14. Be3 Kc7 15. f3 b5 16. Kf2 Rhd8 17. Ne2 Nc5 18. Rxd8 Rxd8 {½-½ (48) Kritz,L (2610)-Harikrishna,P (2668) Lubbock 2008}) 7. Bxc6 Bxc6 8. Qxd8+ Rxd8 9. O-O Bd6 10. Re1 $146 ({Predecessor:} 10. Bg5 Be7 11. Nxe5 Nxe4 12. Bxe7 Kxe7 13. Nxc6+ bxc6 14. Nxe4 Rhe8 {1-0 (47) Resch,M-Becker,M Germany 1999}) 10... O-O 11. h3 (11. Bg5 $11) 11... Rfe8 12. Bd2 b5 13. a3 Ra8 14. Na2 (14. Bg5 $15) 14... Bxe4 15. Ng5 (15. Bg5 $17) 15... Bxc2 16. Rac1 Bb3 17. Ra1 Bxa2 18. Rxa2 h6 19. Ne4 Nxe4 20. Rxe4 f5 21. Re1 e4 22. b4 c5 23. bxc5 Bxc5 24. Rc1 Bb6 25. Bb4 (25. Rb1 $142) 25... Rec8 26. Rac2 Rxc2 27. Rxc2 Rd8 28. Kf1 $19 Kf7 29. Bc5 Rc8 30. Bxb6 Rxc2 31. Bxa7 f4 32. Bb8 f3 33. gxf3 exf3 34. Bd6 Rc1# {Ke1 Rc3 Kd2 Rc1} 0-1

[Event "XVII Profigaia Open 2017"]
[Site "Gaia"]
[Date "2017.06.17"]
[Round "5"]
[White "De Moura, Fernando Alves"]
[Black "Pintor, Simao Maciel Abranc"]
[Result "0-1"]
[ECO "B38"]
[WhiteElo "1814"]
[BlackElo "2022"]
[Annotator "NA RC"]
[PlyCount "104"]
[EventDate "2017.??.??"]
[EventType "swiss"]
[EventCountry "POR"]
[SourceTitle "playchess.com"]
[Source "ChessBase"]
[SourceQuality "1"]
[TimeControl "5400+30"]

1. e4 c5 2. Nf3 Nc6 3. d4 cxd4 4. Nxd4 g6 5. c4 Bg7 6. Be3 Nf6 7. Nc3 O-O 8. Be2 d6 9. Nc2 a5 {[%emt 0:02:15] B37: Sicilian: Maroczy Bind with 5...Bg7, sidelines} (9... Nd7 10. Qd2 a5 11. O-O Nc5 12. f3 a4 13. Rab1 Qa5 14. Kh1 Be6 15. Rfc1 Rfc8 16. Na3 h5 17. Bf1 {1-0 (40) Carlsen,M (2837)-Le,Q (2693) Astana 2012}) 10. f3 Be6 11. Rb1 a4 12. O-O Nd7 $146 ({Predecessor:} 12... Qa5 13. Kh1 Rfc8 14. Nd5 Bxd5 15. cxd5 Ne5 16. Na3 Ned7 17. Nc4 {1-0 (32) Spalir,J (2325)-Amon,N (1976) Ptuj 2015}) 13. Kh1 (13. Na3 $14) 13... a3 14. Nd4 axb2 15. Rxb2 Nc5 16. Qd2 Ra3 17. Ndb5 Qa5 18. Rc1 Na4 19. Rb3 Rxb3 20. axb3 Nc5 21. Bd1 Qb4 22. Qc2 Na5 23. Bxc5 dxc5 24. Ra1 Bxc3 25. Nxc3 Rd8 26. h3 h5 27. Ra4 Qb6 28. Nd5 Bxd5 $1 29. exd5 Qc7 (29... e6 $1 $15) 30. Qe4 (30. f4 $5) 30... b6 (30... Nc6 $5) 31. Bc2 Rd6 32. Ra1 e6 33. Rd1 Qd8 34. Qe5 exd5 35. cxd5 b5 36. Qa1 Nb7 37. Qa7 Rxd5 38. Rxd5 $19 (38. Rg1 $17 Nd6 39. Be4 Nxe4 40. fxe4) 38... Qxd5 39. Be4 Qd1+ 40. Kh2 Qd6+ 41. Kh1 Nd8 42. Qa8 Kg7 43. Bd5 Ne6 44. Qb7 Nc7 45. Bc6 c4 46. bxc4 bxc4 47. Qb2+ Qf6 48. Qxf6+ Kxf6 49. Kg1 Ke5 50. Kf2 Kd4 51. Ke2 Kc3 52. Kd1 Kb2 0-1